 Dungeon Crawl Stone Soup version 0.17-a0-1880-gacf7e67 (webtiles) character file.

245 barthelm the Skirmisher (level 6, -11/40 HPs)
             Began as a Gargoyle Berserker on Sept 21, 2015.
             Was a Priest of Trog.
             Mangled by an ogre
             ... wielding a +0 giant club
              (21 damage)
             ... on level 3 of the Dungeon.
             The game lasted 00:05:30 (1593 turns).

barthelm the Skirmisher (Gargoyle Berserker)        Turns: 1593, Time: 00:05:30

Health: -11/40     AC: 13    Str: 22    XL:     6   Next: 10%
Magic:  6/6        EV:  8    Int:  8    God:    Trog [***...]
Gold:   77         SH:  0    Dex:  9    Spells: 0 memorised, 5 levels left

rFire  . . .     SeeInvis .     a - +0 mace
rCold  . . .     Clarity  .     g - +0 chain mail
rNeg   + . .     SustAt   .     (no shield)
rPois  ∞         Gourm    .     (no helmet)
rElec  +         Spirit   .     (no cloak)
rCorr  .         Warding  .     (no gloves)
rMut   .         Stasis   .     (no boots)
MR     .....                    (no amulet)
Stlth  ..........               (no ring)
                                (no ring)

@: not resistant to hostile enchantments, extremely unstealthy
A: negative energy resistance 1, electricity resistance, unbreathing,
petrification resistance, rot immunity, AC +4
a: Burn Spellbooks, Berserk, Trog's Hand, Renounce Religion


You were on level 3 of the Dungeon.
You worshipped Trog.
Trog was most pleased with you.
You were very hungry.

You visited 1 branch of the dungeon, and saw 3 of its levels.

You collected 77 gold pieces.

Inventory:

Hand weapons
 a - a +0 mace (weapon)
Armour
 b - a +0 animal skin
 g - a +0 chain mail (worn)
 m - a +0 helmet
 n - a +0 pair of boots
Magical devices
 u - a wand of digging (1)
 y - a wand of draining (5)
 D - a wand of flame (20)
Scrolls
 e - a scroll of fog {unknown}
 j - 2 scrolls of teleportation {unknown}
 o - 3 scrolls of remove curse {unknown}
 p - a scroll of blinking {unknown}
 q - 2 scrolls of amnesia {unknown}
 w - a scroll of recharging {unknown}
 A - a scroll of identify {unknown}
 B - a scroll of noise {unknown}
 C - a scroll of magic mapping {unknown}
 E - a scroll of immolation {unknown}
Potions
 d - a potion of flight {unknown}
 f - a potion of heal wounds {unknown}
 i - a potion of brilliance {unknown}
 l - a potion of degeneration {unknown}
 r - a potion of cure mutation {unknown}
 v - a potion of might {unknown}
 x - a potion of curing {unknown}
 z - a potion of ambrosia {unknown}
Comestibles
 c - 2 bread rations
 h - a slice of pizza
 k - a meat ration
 s - a beef jerky


   Skills:
 + Level 5.0 Fighting
 + Level 4.2 Maces & Flails
 + Level 2.9 Armour
 + Level 2.9 Dodging
 - Level 0.5 Stealth


You had 5 spell levels left.
You didn't know any spells.

Dungeon Overview and Level Annotations

Branches:
Dungeon (3/15)

Altars:


Innate Abilities, Weirdness & Mutations

You are resistant to torment.
Your stone body is resilient (AC +4).
You are immune to poison.
You resist negative energy.
You are resistant to electric shocks.
You can survive without breathing.
You are immune to petrification.
You are immune to rotting.


Message History

Use which ability?
You're too hungry to go berserk.
You are too injured to fight recklessly!
You are too injured to fight recklessly!
You are too injured to fight recklessly!
The goblin hits you but does no damage.
There is an open door here.
You hit the goblin.
You kill the goblin!
Trog accepts your kill.
Use which ability?
You're too hungry to go berserk.
Eat which item? (? for menu, Esc to quit)
Okay, then.
Press: ? - help, v - describe, . - travel
Here: an ogre, wielding a giant club (heavily wounded)
The floor.
The ogre hits you with a giant club!!
Ouch! That really hurt!
You die...

#.#####.# #.# #.# #.#
##.#
###.####..#########
.......#...#......#
...###.#...#......#
...###.#...#......#
.....#.#...#......#
...#.......#.###@##
#......#†..#.###O####
................>...#
##.##......#..##.##.#
....#......#..##$# #
....#.....##..##.#
....#.#.#.....##(#
....#.#.#####.##.#
....#.#..####.....


You could see an ogre.

Vanquished Creatures
  Ijyb (D:2)
  Jessica (D:2)
  Natasha (thrice) (D:2)
  6 adders
  A gnoll (D:1)
  4 oozes
  A worm (D:3)
  3 giant geckos
  3 orcs (D:3)
  5 giant cockroaches
  14 goblins
  9 hobgoblins
  4 jackals (D:1)
  3 kobolds
  A quokka (D:2)
  A ball python (D:2)
  6 bats
  3 giant newts
  8 rats
77 creatures vanquished.

Notes
Turn   | Place    | Note
--------------------------------------------------------------
     0 | D:1      | barthelm the Gargoyle Berserker began the quest for the Orb.
     0 | D:1      | Reached XP level 1. HP: 14/14 MP: 1/1
    41 | D:1      | Reached XP level 2. HP: 17/19 MP: 2/2
   228 | D:1      | Reached XP level 3. HP: 22/24 MP: 3/3
   235 | D:1      | Reached skill level 4 in Fighting
   245 | D:1      | Acquired Trog's second power
   701 | D:2      | Reached XP level 4. HP: 29/29 MP: 4/4
   860 | D:2      | Noticed Ijyb
   861 | D:2      | Noticed Natasha
   866 | D:2      | Killed Ijyb
   866 | D:2      | Reached XP level 5. HP: 34/34 MP: 5/5
   869 | D:2      | Noticed Jessica
   872 | D:2      | Killed Natasha
   876 | D:2      | Killed Jessica
  1054 | D:2      | Noticed Natasha
  1083 | D:2      | Killed Natasha
  1267 | D:2      | Noticed Natasha
  1273 | D:2      | Killed Natasha
  1406 | D:3      | Reached XP level 6. HP: 37/40 MP: 6/6
  1475 | D:3      | Reached skill level 5 in Fighting
  1581 | D:3      | Noticed an ogre
  1593 | D:3      | Mangled by an ogre

Vault maps used:
D:1:      nicolae_arrival_washed_ashore
D:2:      hangedman_decor_lopped, uniq_iyjb, uniq_natasha, uniq_jessica

Action                   |  1- 3 |  4- 6 || total
-------------------------+-------+-------++-------
Melee: Mace              |    85 |   164 ||   249
Invok: Berserk           |     2 |     1 ||     3
       Trog's Hand       |       |     1 ||     1
  Eat: Chunk             |     2 |     3 ||     5
